 Dungeon Crawl Stone Soup version 0.30-a0-368-g86fb4627a9 (webtiles) character file.

Game seed: 8391290275069052101

460 hikkokomori the Grasshopper (level 7, -1/53 HPs)
             Began as a Human Warper on Nov 20, 2022.
             Slain by an iguana (8 damage)
             ... on level 4 of the Dungeon.
             The game lasted 00:06:57 (3354 turns).

hikkokomori the Grasshopper (Human Warper)          Turns: 3354, Time: 00:06:57

Health: -1/53      AC:  9    Str: 11    XL:     7   Next: 28%
Magic:  12/12      EV: 12    Int: 13    God:
Gold:   233        SH:  0    Dex: 15    Spells: 4/13 levels left

rFire   . . .      SeeInvis +    a - +0 falchion
rCold   . . .      Faith    .    (no shield)
rNeg    . . .      Spirit   .    b - +0 leather armour
rPois   .          Reflect  .    (no helmet)
rElec   .          Harm     .    (no cloak)
rCorr   .          Rampage  .    (no gloves)
Will    .....                    w - +1 pair of boots
Stlth   +.........               (no amulet)
HPRegen 0.28/turn                n - ring of see invisible
MPRegen 0.13/turn                y - +4 ring of protection

@: no status effects
A: no striking features
a: no special abilities


You were on level 4 of the Dungeon.
You visited 1 branch of the dungeon, and saw 5 of its levels.

You collected 233 gold pieces.

Inventory:

Hand Weapons
 a - a +0 falchion (weapon)
Missiles
 d - 6 boomerangs of dispersal (quivered)
 s - 2 javelins
Armour
 b - a +0 leather armour (worn)
 w - a +1 pair of boots (worn)
Jewellery
 n - a ring of see invisible (left hand)
 o - a ring of protection from fire
 t - a ring of magical power
 v - an amulet of faith
 y - a +4 ring of protection (right hand)
 z - an amulet of magic regeneration
Scrolls
 c - a scroll of blinking
 e - 3 scrolls of vulnerability {unknown}
 g - a scroll of immolation {unknown}
 h - a scroll of brand weapon {unknown}
 k - 7 scrolls of identify {unknown}
 m - a scroll of fear {unknown}
 p - a scroll of teleportation {unknown}
 r - a scroll of magic mapping {unknown}
 x - 2 scrolls of enchant armour {unknown}
 A - a scroll of noise {unknown}
Potions
 f - a potion of mutation {unknown}
 i - 2 potions of might
 j - 2 potions of attraction {unknown}
 l - a potion of curing
 q - 2 potions of cancellation {unknown}
 u - 2 potions of heal wounds {unknown}


   Skills:
 - Level 3.8 Fighting
 + Level 4.0 Long Blades
 - Level 1.0 Throwing
 - Level 1.0 Armour
 - Level 2.0 Dodging
 + Level 3.7 Spellcasting
 + Level 0.5 Conjurations
 + Level 4.6 Translocations


You had 4 spell levels left.
You knew the following spells:

 Your Spells              Type           Power      Damage    Failure   Level
a - Blink                 Tloc           28%        N/A       6%          2
b - Iskenderun's Mystic   Conj/Tloc      9%         2d4       67%         4
c - Dazzling Flash        Conj/Hex       6%         N/A       58%         3

Your spell library contained the following spells:

 Spells                   Type           Power      Damage    Failure   Level
 Lesser Beckoning         Tloc           28%        N/A       13%         3
 Teleport Other           Tloc           14%        N/A       13%         3
 Vhi's Electric Charge    Tloc/Air       16%        N/A       32%         3
 Manifold Assault         Tloc           14%        N/A       38%         4
 Starburst                Conj/Fire      1%         6d3       100%        6


Dungeon Overview and Level Annotations

Branches:
Dungeon (5/15)
 Temple: D:4-7

Altars:


Message History

You are too injured to fight recklessly!
You are too injured to fight recklessly!
Unknown command.
You closely miss the jackal. The jackal closely misses you.
The iguana misses you.
You barely miss the jackal.
The jackal bites you but does no damage. x2
The iguana barely misses you.
You hit the jackal.
The jackal is lightly wounded.
The jackal bites you but does no damage.
The iguana bites you.
The jackal bites you but does no damage.
You completely miss the jackal.
The jackal is lightly wounded.
The jackal bites you but does no damage.
The iguana misses you.
You barely miss the jackal.
The jackal is lightly wounded.
The jackal misses you. The iguana bites you.
The jackal bites you but does no damage.
You hit the jackal.
You kill the jackal!
The iguana bites you but does no damage.
You closely miss the iguana. The iguana closely misses you.
You hit the iguana.
The iguana is heavily wounded.
The iguana bites you but does no damage.
You hit the iguana but do no damage.
The iguana is heavily wounded.
The iguana bites you!
* * * LOW HITPOINT WARNING * * *
You hit the iguana.
The iguana is severely wounded.
The iguana completely misses you. The iguana bites you.
* * * LOW HITPOINT WARNING * * *
You closely miss the iguana.
The iguana is severely wounded.
The iguana bites you!
You die...

# #.# #.#.# #.# #
#.# #)#.# #.# ####.#
#.#.# ##.# .....#
#.#.# #..# ######
#.#.# #.## #.#.# #.#
#.#.# #.# # #.#.###
#.# # #.#.l@# #.# #
#.###†# #.# ## #.#
#.# #.# .# #.#
#.######.# .### #.#
#.#......# ...#####
#.# #.#.######
.......# #.# #.#.#
<..###.#####.###(#.#
.#####...........#.#


You could see an iguana.

Vanquished Creatures
  Sigmund (D:4)
  A scorpion (D:4)
  A hound (D:4)
  An iguana (D:4)
  7 adders
  6 gnolls
  4 dart slugs
  2 orcs (D:4)
  6 endoplasms
  2 giant cockroaches
  5 goblins
  8 hobgoblins
  2 jackals (D:4)
  2 quokkas
  5 ball pythons
  2 bats
  9 kobolds
  6 rats
70 creatures vanquished.

Notes
Turn   | Place    | Note
-------+----------+-------------------------------------------
     0 | D:1      | hikkokomori the Human Warper began the quest for the Orb.
     0 | D:1      | Reached XP level 1. HP: 16/16 MP: 3/3
   182 | D:1      | Reached XP level 2. HP: 21/22 MP: 5/5
   947 | D:2      | Reached XP level 3. HP: 27/28 MP: 6/6
  1393 | D:2      | Found a faded altar of an unknown god.
  1551 | D:3      | Reached XP level 4. HP: 32/34 MP: 7/7
  1967 | D:3      | Reached XP level 5. HP: 33/40 MP: 9/9
  2363 | D:4      | Learned a level 2 spell: Blink
  2368 | D:4      | Learned a level 4 spell: Iskenderun's Mystic Blast
  2475 | D:4      | Noticed Sigmund
  2481 | D:4      | Killed Sigmund
  2482 | D:4      | Reached XP level 6. HP: 38/47 MP: 9/11
  2835 | D:4      | Reached XP level 7. HP: 29/53 MP: 12/12
  2852 | D:4      | Learned a level 3 spell: Dazzling Flash
  3190 | D:5      | Entered Level 5 of the Dungeon
  3354 | D:4      | Slain by an iguana

Illustrated notes

Levels and vault maps discovered:
D:1:      dpeg_arrival_round_a, layout_rooms, chequers_arboretum,
          minmay_pentomino_q4
D:2:      layout_loops_ring, chequers_ecumenical_altar_simple
D:3:      layout_loops_cross, kennysheep_generic_room_2
D:4:      layout_loops_ring, uniq_sigmund
D:5:      layout_layer_cave, nicolae_shop_clearance, uniq_menkaure

Skill      XL: |  1  2  3  4  5  6  7 |
---------------+----------------------+-----
Long Blades    | 3 4 |  4.0
Fighting       | 3 |  3.8
Spellcasting   | 3 |  3.7
Translocations | 4 |  4.6
Throwing       | |  1.0
Armour         | |  1.0
Dodging        | |  2.0
Conjurations   | |  0.5

Action                   |  1- 3 |  4- 6 |  7- 9 || total
-------------------------+-------+-------+-------++-------
Melee: Falchion          |    99 |   129 |    52 ||   280
       Punch             |       |     1 |     3 ||     4
Throw: Boomerang         |     1 |       |       ||     1
       Javelin           |       |     5 |       ||     5
  Use: Potion            |       |     4 |       ||     4
 Stab: Sleeping          |     3 |     1 |       ||     4
Armor: Leather armour    |    19 |    50 |    29 ||    98
Dodge: Dodged            |    53 |    98 |    52 ||   203

Table legend: (Time is in decaauts)
 A = Elapsed time spent in this place.
 B = Non-inter-level travel time spent in this place.
 C = Inter-level travel time spent in this place.
 D = Time resting spent in this place.
 E = Time spent auto-exploring this place.
 F = Levels seen in this place.
 G = Mean time per level.
                   A        B        C        D        E       F      G
               +--------+--------+--------+--------+--------+-----+--------+
         Total |   3397 |   3200 |    197 |    158 |   2391 |   5 |  679.4 |
       Dungeon |   3397 |   3200 |    197 |    158 |   2391 |   5 |  679.4 |
               +--------+--------+--------+--------+--------+-----+--------+

Top non-repeatable levels by time:
     D:4: 1071 daAuts
     D:2: 922 daAuts
     D:3: 759 daAuts
     D:1: 635 daAuts
     D:5: 9 daAuts
